 Dungeon Crawl Stone Soup version 0.18.1-1-g2f07953 (webtiles) character file.

590 varam the Ruffian (level 7, -7/64 (66) HPs)
             Began as a Troll Transmuter on May 7, 2016.
             Shot with an arrow by a centaur (13 damage)
             ... on level 5 of the Dungeon.
             The game lasted 00:17:50 (2836 turns).

varam the Ruffian (Troll Transmuter)                Turns: 2836, Time: 00:17:50

HP:   -7/64 (66)    AC:  5    Str: 19    XL:     7   Next: 15%
MP:   8/9           EV: 10    Int: 11    God:
Gold: 197           SH:  0    Dex: 10    Spells: 3 memorised, 4 levels left

rFire  . . .     SeeInvis .       - Unarmed
rCold  . . .     Gourm    +     s - +0 robe (curse)
rNeg   . . .     Faith    +     (no shield)
rPois  .         Spirit   .     (helmet restricted)
rElec  .         Dismiss  .     (no cloak)
rCorr  .         Reflect  .     (gloves unavailable)
SustAt +         Harm     .     (boots unavailable)
MR     .....                    v - amulet of faith
Stlth  +.........               (no ring)
                                e - ring of sustain attributes

@: appendage, not resistant to hostile enchantments, very unstealthy
A: unfitting armour, claws 3, horns 2, fast metabolism 3, gourmand, regeneration
2, shaggy fur 1, tough skin 2
a: End Transformation


You were on level 5 of the Dungeon.
You were completely stuffed.
You had grown temporary horns.
You visited 1 branch of the dungeon, and saw 6 of its levels.

You collected 197 gold pieces.

Inventory:

Missiles
 a - 62 arrows
 l - 7 javelins (quivered)
Armour
 s - a cursed +0 robe (worn)
Jewellery
 e - a ring of sustain attributes (left claw)
 g - an uncursed amulet of regeneration
 v - an amulet of faith (around neck)
Wands
 t - a wand of flame (21/48)
 x - a wand of disintegration (18/24)
Scrolls
 b - a scroll of enchant armour {unknown}
 f - 2 scrolls of immolation {unknown}
 h - a scroll of teleportation {unknown}
 i - 2 scrolls of remove curse {unknown}
 m - 3 scrolls of identify {unknown}
 p - a scroll of enchant weapon {unknown}
 r - 2 scrolls of fear {unknown}
 u - a scroll of blinking {unknown}
Potions
 j - 3 potions of curing {unknown}
 o - 2 potions of flight {unknown}
 q - 2 potions of haste {unknown}
 w - a potion of heal wounds {unknown}
Books
 c - a book of Changes

   Spells                             Type                      Level
   a - Beastly Appendage              Transmutation                1
   b - Sticks to Snakes               Transmutation                2
   c - Spider Form                    Transmutation/Poison         3
   d - Ice Form                       Ice/Transmutation            4
   e - Blade Hands                    Transmutation                5
Comestibles
 d - 4 bread rations
 k - 10 fruits
 n - a beef jerky
 z - a royal jelly
 A - a chunk of flesh


   Skills:
 + Level 2.7 Fighting
 + Level 3.2 Dodging
 + Level 5.1 Unarmed Combat
 + Level 2.2 Spellcasting
 + Level 2.6 Transmutations


You had 4 spell levels left.
You knew the following spells:

 Your Spells              Type           Power        Failure   Level  Hunger
a - Beastly Appendage     Trmt           #.....       12%         1    ##.....
b - Sticks to Snakes      Trmt           #.......     17%         2    ###....
c - Spider Form           Trmt/Pois      #.........   61%         3    ####...


Dungeon Overview and Level Annotations

Branches:
Dungeon (6/15)
 Temple: D:4-7

Altars:
Qazlal

Annotations:
D:6 Dowan, Duvessa


Innate Abilities, Weirdness & Mutations

You are too large for most types of armour.
You have claws for hands.
Your metabolism is lightning-fast.
You like to eat raw meat.
You heal very quickly.
You are covered in fur (AC +1).
You have very tough skin (AC +2).
You have a pair of horns on your head.


Message History

This raw flesh tastes great.
You continue eating. x2
Your disease is taking its toll.
You feel dopey for a moment.
You start resting.
You feel your health improve.
You start resting.
A centaur comes into view.
Casting: Beastly Appendage
Confirm with . or Enter, or press ? or * to list all spells.
You grow a pair of large bovine horns.
The centaur wields a shortbow.
The centaur shoots an arrow.
The arrow hits you!
* * * LOW HITPOINT WARNING * * *
The centaur shoots an arrow.
The arrow hits you.
* * * LOW HITPOINT WARNING * * *
The centaur shoots an arrow.
The arrow hits you.
* * * LOW HITPOINT WARNING * * *
You see here an arrow.
The centaur shoots an arrow.
The arrow hits you!
You die...

############
...........#
.......>.).#
...........#
....c.....(#
..##...@.(##
. ########


You could see a centaur.

Vanquished Creatures
  A phantom (D:4)
  A necrophage (D:5)
  A water moccasin zombie (D:5)
  A crimson imp (D:5)
  A giant frog skeleton (D:4)
  A hound (D:5)
  A centaur skeleton (D:4)
  2 orc priests (D:5)
  An iguana (D:5)
  An orc wizard (D:4)
  2 worker ants
  A worker ant zombie (D:5)
  An ooze (D:4)
  3 worms
  A dart slug (D:1)
  A giant gecko (D:1)
  7 orcs
  2 giant cockroaches (D:1)
  6 goblins
  5 hobgoblins
  5 jackals
  5 kobolds
  5 bats
  3 giant newts
  4 rats
62 creatures vanquished.

Notes
Turn   | Place    | Note
--------------------------------------------------------------
     0 | D:1      | varam the Troll Transmuter began the quest for the Orb.
     0 | D:1      | Reached XP level 1. HP: 18/18 MP: 1/1
   109 | D:1      | Reached XP level 2. HP: 26/26 MP: 0/2
   185 | D:1      | Reached skill level 1 in Fighting
   995 | D:2      | Learned a level 2 spell: Sticks to Snakes
  1036 | D:2      | Reached XP level 3. HP: 33/33 MP: 3/3
  1713 | D:3      | Reached skill level 4 in Unarmed Combat
  1713 | D:3      | Reached XP level 4. HP: 36/41 MP: 2/5
  1770 | D:4      | Noticed a phantom
  1790 | D:4      | Killed a phantom
  1790 | D:4      | Reached XP level 5. HP: 48/49 MP: 4/6
  2044 | D:4      | Found a stormy altar of Qazlal.
  2348 | D:5      | Entered Level 5 of the Dungeon
  2417 | D:5      | Reached XP level 6. HP: 44/57 MP: 5/7
  2535 | D:5      | Learned a level 3 spell: Spider Form
  2681 | D:6      | Noticed Dowan
  2684 | D:6      | Noticed Duvessa
  2747 | D:5      | Reached skill level 5 in Unarmed Combat
  2747 | D:5      | Reached XP level 7. HP: 20/64 MP: 9/9
  2836 | D:5      | Shot with an arrow by a centaur

Skill      XL: |  1  2  3  4  5  6 |
---------------+-------------------+-----
Fighting       | 1 2 |  2.7
Dodging        | 2 3 |  3.2
Unarmed Combat | 4 5 |  5.1
Transmutations | 2 |  2.6
Spellcasting   | 2 |  2.2

Action                   |  1- 3 |  4- 6 |  7- 9 || total
-------------------------+-------+-------+-------++-------
Melee: Unarmed           |   105 |    91 |     8 ||   204
       Kick              |     4 |    11 |       ||    15
       Headbutt          |     3 |     5 |     1 ||     9
       Punch             |     1 |     3 |       ||     4
 Cast: Beastly Appendage |    21 |    16 |     2 ||    39
       Sticks to Snakes  |       |     1 |       ||     1
  Eat: Chunk             |    13 |    19 |     1 ||    33
Armor: Robe              |    33 |    15 |     2 ||    50
Dodge: Dodged            |    41 |    39 |     1 ||    81
